Cogmind - Beta 13 @@@ ROGUE MODE // 2024.05.01 @ 22:21:08 Player: Gold Spoon Result: Destroyed by EY-FBF(g) with Beamcaster Performance ------------- Evolutions (3) 1500 Regions Visited (8) 1600 Robots Destroyed (125) 625 Value Destroyed (3409) 3409 Prototype IDs (38) 760 Alien Tech Used (0) 0 Bonus (662) 662 TOTAL SCORE: 8556 Bonus ------- High Alert Combat Kills 60 Follower Combat Kills 225 Aligned with FarCom 300 Met Imprinter 300 Friendly Fire -223 Cogmind --------- Core Integrity 0/700 Matter 84/300 Energy 98/100 System Corruption 8% Temperature Cool (9) Movement Core (50) Location -7/Zion Parts ------- > --- POWER (1) -------- (None) > --- PROPULSION (2) --- (None) > --- UTILITY (7) ------ (None) > --- WEAPON (3) ------- (None) > --- INVENTORY (5) ---- Micro Nuclear Core Micro Nuclear Core Launcher Guidance Computer Launcher Guidance Computer Heavy Missile Launcher Peak State ------------ > --- POWER ------------ Improved Deuterium Engine > --- PROPULSION ------- Medium Treads Medium Treads > --- UTILITY ---------- Large Storage Unit Signal Interpreter Launcher Guidance Computer Hardened Medium Armor Plating Shock Absorption System Shock Absorption System Hacking Suite > --- WEAPON ----------- Firepult Minigun > --- INVENTORY -------- Enhanced Nuclear Core Micro Nuclear Core Micro Nuclear Core Launcher Guidance Computer Launcher Guidance Computer Hardened Medium Armor Plating Improved Light Armor Plating Heavy Missile Launcher Heavy Missile Launcher Heavy Missile Launcher Heavy Missile Launcher [Rating: 59] Favorites ----------- Power Improved Deuterium Engine Engine Improved Deuterium Engine Power Core Enhanced Nuclear Core Propulsion Medium Treads Treads Medium Treads Wheel Wheel Utility Large Storage Unit Device Shock Absorption System Storage Large Storage Unit Processor Signal Interpreter Hackware Hacking Suite Protection Hardened Medium Armor Plating Weapon Firepult Energy Gun Particle Gun Energy Cannon Firepult Ballistic Gun Minigun Ballistic Cannon Improved Light Cannon Launcher Heavy Missile Launcher Build | -11 -10 -10 -10 -9 -8 -7 -7 -7 ------- Run | Yrd Mat Min Exi Min Mat Fac Low Zio Slots Evolved 6 | . . . . . 4 2 . . Power . | . . . . . . . . . Propulsion . | . . . . . . . . . Utility 5 | . . . . . 3 2 . . Weapon 1 | . . . . . 1 . . . Parts Attached 58 | 6 5 4 . 1 12 19 1 10 Power 9 | 1 1 . . . 1 5 . 1 Engine 7 | 1 1 . . . 1 4 . . Core 2 | . . . . . . 1 . 1 Reactor . | . . . . . . . . . Propulsion 14 | 2 1 2 . . 3 3 1 2 Treads 7 | . . . . . 1 3 1 2 Leg . | . . . . . . . . . Wheel 7 | 2 1 2 . . 2 . . . Hover . | . . . . . . . . . Flight . | . . . . . . . . . Utility 18 | 1 2 . . . 3 8 . 4 Device 4 | . . . . . . 3 . 1 Storage 2 | 1 1 . . . . . . . Processor 4 | . 1 . . . 1 1 . 1 Hackware 3 | . . . . . 1 2 . . Protection 5 | . . . . . 1 2 . 2 Artifact . | . . . . . . . . . Weapon 17 | 2 1 2 . 1 5 3 . 3 Energy Gun 3 | . . . . . 2 1 . . Energy Cannon 2 | . . . . . 1 1 . . Ballistic Gun 5 | 2 1 1 . . . 1 . . Ballistic Cannon 1 | . . . . 1 . . . . Launcher 6 | . . 1 . . 2 . . 3 Special Weapon . | . . . . . . . . . Impact Weapon . | . . . . . . . . . Slashing Weapon . | . . . . . . . . . Piercing Weapon . | . . . . . . . . . Special Melee Weapon . | . . . . . . . . . Unidentified Prototypes . | . . . . . . . . . Parts Lost 36 | . 2 5 . . 7 9 2 11 Power 5 | . 1 1 . . . 3 . . Propulsion 8 | . . 2 . . 3 2 . 1 Utility 11 | . . . . . 1 1 2 7 Weapon 12 | . 1 2 . . 3 3 . 3 Highest Loss Streak 5 | . 1 5 . . 3 4 2 4 To Critical Strikes 1 | . . . . . . 1 . . Average Slot Usage (%) 87 | . 86 82 71 78 93 86 91 88 Engine 6 | . 12 5 . . 8 6 7 5 Treads 9 | . . . . . . 14 14 14 Wheel 7 | . 25 27 28 28 17 . . . Device 6 | . . . . . . 7 14 11 Storage 8 | . 14 14 14 14 9 7 7 6 Processor 13 | . 5 14 14 14 18 13 7 14 Hackware 8 | . . . . . 9 15 14 5 Protection 5 | . . . . . 8 5 7 8 Energy Gun 2 | . . . . . 13 . . . Energy Cannon 4 | . . . . . 3 6 7 5 Ballistic Gun 8 | . 28 18 14 14 2 3 7 6 Naked Turns 34 | . . . . . . . . 34 Heaviest Build 72 | 14 29 27 22 26 40 67 67 72 Greatest Support 56 | 32 32 26 20 20 22 50 56 56 Greatest Overweight (x) 3 | . 1 2 1 1 3 1 1 1 Average Overweight (x) . | . . 1 1 1 1 . 1 . Largest Inventory Capacity 15 | 8 15 15 15 15 15 15 15 15 Average Capacity 14 | 7 13 15 15 15 15 15 15 14 Most Carried 15 | 1 3 4 6 6 15 15 14 12 Average Carried 10 | . 2 2 5 6 14 13 13 10 Final Capacity 15 | 8 15 15 15 15 15 15 15 5 Final Carried 14 | 1 3 4 6 6 14 14 13 5 Class Distribution -------------------- 26% | Mutant 22% | Tank 17% | Hacker-Mutant 13% | Hacker-Tank 10% | Hacker-Skirmisher 5% | Scavenger-Skirmisher 4% | Scavenger-Mutant Dominant Class ---------------- Mutant | -10/Materials Mutant | -10/Mines Mutant | -10/Exiles Mutant | -9/Mines Scavenger-Skirmisher | -8/Materials Hacker-Mutant | -7/Factory Hacker-Tank | -7/Lower Caves Tank | -7/Zion Resources | -11 -10 -10 -10 -9 -8 -7 -7 -7 ----------- Run | Yrd Mat Min Exi Min Mat Fac Low Zio Matter Collected 1621 | 257 384 109 . 65 241 223 . 342 Remotely . | . . . . . . . . . Salvage Created 4409 | . 380 167 . 84 725 1983 444 626 Parts 241 | . 41 9 . 2 51 72 6 60 Haulers Intercepted 2 | . . . . . . 2 . . Recyclers Shooed 3 | . . . . . 1 2 . . Parts Field Recycled . | . . . . . . . . . Retrieved Matter . | . . . . . . . . . Parts Self-Destructed 8 | . . . . . . . 4 4 Prevented . | . . . . . . . . . Kills | -11 -10 -10 -10 -9 -8 -7 -7 -7 ------- Run | Yrd Mat Min Exi Min Mat Fac Low Zio Combat Hostiles Destroyed 66 | . 13 2 . 1 12 26 8 4 Guns 21 | . 13 . . . 6 2 . . Cannons 9 | . . . . 1 4 3 1 . AOE 23 | . . 2 . . 2 12 4 3 Classes Destroyed 18 | . 5 3 . . 3 3 1 3 Worker 4 | . 1 1 . . . 2 . . Builder 12 | . . . . . 2 10 . . Tunneler 4 | . . 1 . . 1 2 . . Hauler 2 | . . . . . . 2 . . Recycler 5 | . . 1 . . . 4 . . Mechanic 1 | . . . . . . 1 . . Operator 4 | . 1 . . . 2 1 . . Watcher 6 | . 3 . . . 3 . . . Swarmer 12 | . 9 . . . . 3 . . Grunt 32 | . 4 . . 2 8 14 4 . Duelist 1 | . . . . . 1 . . . Sentry 8 | . . 2 . . 2 4 . . Hunter 3 | . . . . . 1 2 . . Programmer 3 | . . . . . . 3 . . Zionite 30 | . . . . . . . . 30 Tinkerer 3 | . . . . . . . . 3 Thug 1 | . . . . . . . 1 . Fireman 3 | . . . . . . . 3 . Mutant 4 | . . . . . . . . 4 Best Kill Streak 9 | . 5 2 . 1 5 6 4 9 Combat Bots Only 4 | . 4 2 . 1 4 3 4 4 Max Kills in Single Turn 4 | . 1 2 . 1 2 4 2 3 Gunslinging . | . . . . . . . . . Exploded 2 | . . 2 . . 2 2 1 2 Melee . | . . . . . . . . . Uniques/NPCs Destroyed . | . . . . . . . . . Combat | -11 -10 -10 -10 -9 -8 -7 -7 -7 -------- Run | Yrd Mat Min Exi Min Mat Fac Low Zio Hostile Shots Fired 545 | . 71 38 . 16 52 175 25 168 Missed 218 | . 28 11 . 9 11 77 6 76 Damage Taken 5049 | . 377 389 . 94 712 1326 321 1830 Core 968 | . 54 121 . 10 80 236 21 446 Absorbed by Shields . | . . . . . . . . . Regen/Repaired (Parts) 61 | . 26 . . . . 35 . . Core Remaining (%) 70 | 100 . . . 26 85 . . . Volleys Fired 229 | . 60 12 . 9 59 54 5 30 Largest 3 | . 2 2 . 2 3 2 1 3 Hottest 250 | . 40 53 . 59 205 250 250 250 Shots Fired 385 | . 117 20 . 16 117 57 5 53 Gun 266 | . 117 17 . 9 83 23 . 17 Cannon 83 | . . . . 7 31 34 5 6 Launcher 36 | . . 3 . . 3 . . 30 Special . | . . . . . . . . . Kinetic 211 | . 117 17 . 16 32 12 . 17 Thermal 134 | . . . . . 82 41 5 6 Explosive 36 | . . 3 . . 3 . . 30 Electromagnetic 4 | . . . . . . 4 . . Robot Hit Streak 9 | . 9 8 . 3 9 9 2 3 Robot Miss Streak 8 | . 8 2 . 1 4 5 2 4 Penetration Max . | . . . . . . . . . Secondary Targets 3 | . 3 . . . . . . . Max Gunslinging Chain 1 | . 1 . . . . . . . Shots Hit Robots 229 | . 56 16 . 11 67 49 5 25 Core Hits 225 | . 25 8 . 6 36 77 20 53 Critical Kills . | . . . . . . . . . Critical Parts Destroyed 1 | . . . . . 1 . . . Critical Strikes 4 | . . . . . 2 2 . . Burn 2 | . . . . . . 2 . . Destroy 1 | . . . . . 1 . . . Blast 1 | . . . . . 1 . . . Melee Attacks . | . . . . . . . . . Impact . | . . . . . . . . . Slashing . | . . . . . . . . . Piercing . | . . . . . . . . . Sneak Attacks . | . . . . . . . . . Combat Hostiles . | . . . . . . . . . Follow-up Attacks . | . . . . . . . . . Damage Inflicted 8268 | . 762 310 . 195 1409 3022 570 2000 Guns 2218 | . 762 167 . 111 792 291 . 95 Cannons 1426 | . . . . 84 415 670 78 179 Explosions 4590 | . . 143 . . 202 2061 492 1692 Melee . | . . . . . . . . . Ramming 34 | . . . . . . . . 34 Kinetic 1719 | . 762 167 . 195 351 149 . 95 Thermal 4873 | . . . . . 856 2836 570 611 Explosive 1605 | . . 143 . . 202 . . 1260 Electromagnetic 37 | . . . . . . 37 . . Impact . | . . . . . . . . . Slashing . | . . . . . . . . . Piercing . | . . . . . . . . . Highest Corruption 8 | . . . . . . . . 8 Average Corruption 1 | . . . . . . . . 1 Corruption Purged . | . . . . . . . . . Corruption Blocked . | . . . . . . . . . Effects 5 | . . . . . . . . 5 Message Errors 1 | . . . . . . . . 1 Matter Fused 2 | . . . . . . . . 2 Heat Flow Errors 1 | . . . . . . . . 1 Energy Discharges 1 | . . . . . . . . 1 Overload Shots . | . . . . . . . . . Overflow Damage 84 | . . . . . 25 17 . 42 Projectiles . | . . . . . . . . . Explosions 80 | . . . . . 25 17 . 38 Melee 4 | . . . . . . . . 4 Knockbacks 2 | . . . . 1 1 . . . Impact . | . . . . . . . . . Kinetic 2 | . . . . 1 1 . . . Secondary . | . . . . . . . . . Self-Inflicted Damage 577 | . . . . . 97 102 63 315 Shots 35 | . . . . . 3 16 5 11 Rammed 7 | . . . . . . . . 7 Targets Rammed 8 | . . . . . . . . 8 Kicked . | . . . . . . . . . Crushed 1 | . . . . . . . . 1 Highest Temperature 815 | . 6 20 . 9 428 422 385 815 Average Temperature 149 | . 5 6 . 5 112 167 150 189 Received Heat Transfer 1116 | . 72 126 . 54 297 270 126 171 Effects 21 | . . . . . 3 1 . 17 Shutdowns 4 | . . . . . 1 . . 3 Energy Bleed 3 | . . . . . . . . 3 Interference 6 | . . . . . . 1 . 5 Matter Decay 1 | . . . . . . . . 1 Short Circuit 4 | . . . . . 1 . . 3 Damage (minor) 2 | . . . . . 1 . . 1 Damage (core) 1 | . . . . . . . . 1 Siege Activations . | . . . . . . . . . Robots Corrupted . | . . . . . . . . . Combat Hostiles . | . . . . . . . . . Parts Fried . | . . . . . . . . . Impact Corruptions 1 | . . . . . . . . 1 Robots Melted 14 | . . . . . . 10 3 1 Combat Hostiles 13 | . . . . . . 9 3 1 Parts Melted 93 | . . . . . 3 68 11 11 Heat Transferred 22300 | . . . . . 1850 14370 3280 2800 Parts Sabotaged . | . . . . . . . . . Parts Stolen . | . . . . . . . . . Parts Stripped . | . . . . . . . . . Power Chain Reactions . | . . . . . . . . . Alert | -11 -10 -10 -10 -9 -8 -7 -7 -7 ------- Run | Yrd Mat Min Exi Min Mat Fac Low Zio Peak Influence 495 | . 248 101 . 81 275 495 . . Initial 61 | . . 61 . . 27 29 . . Average 195 | . 114 49 . 30 108 304 . . Maximum Alert Level 2 | . 1 . . . 1 2 . . Low Security (%) 53 | 100 84 100 . 100 83 16 . . Level 1 41 | . 15 . . . 16 71 . . Level 2 5 | . . . . . . 11 . . Level 3 . | . . . . . . . . . Level 4 . | . . . . . . . . . Level 5 . | . . . . . . . . . High Security . | . . . . . . . . . Max Security . | . . . . . . . . . Squads Dispatched 16 | . 2 . . . 5 9 . . Investigation 3 | . . . . . 2 1 . . Extermination 3 | . . . . . . 3 . . Reinforcement 7 | . 2 . . . 3 2 . . Assault . | . . . . . . . . . Garrison 3 | . . . . . . 3 . . Intercept . | . . . . . . . . . Searches Triggered . | . . . . . . . . . Construction Impeded 1 | . . . . . . 1 . . Haulers Reinforced . | . . . . . . . . . Active Scanning Responses . | . . . . . . . . . Cargo Convoy Interrupts . | . . . . . . . . . Stealth | -11 -10 -10 -10 -9 -8 -7 -7 -7 --------- Run | Yrd Mat Min Exi Min Mat Fac Low Zio Distress Signals 5 | . 2 . . . 2 1 . . Communications Jammed . | . . . . . . . . . Distress Signals . | . . . . . . . . . Times Spotted 159 | . 26 2 . 6 26 34 9 56 Peak Tracking Total 12 | . 4 2 . 2 6 4 4 12 Tactical Retreats 19 | . . . . . 1 5 . 13 Traps | -11 -10 -10 -10 -9 -8 -7 -7 -7 ------- Run | Yrd Mat Min Exi Min Mat Fac Low Zio Traps Triggered . | . . . . . . . . . Indirectly . | . . . . . . . . . Trap Hack Attempts . | . . . . . . . . . Triggered . | . . . . . . . . . Disarmed . | . . . . . . . . . Reprogrammed . | . . . . . . . . . Reused . | . . . . . . . . . Traps Extracted . | . . . . . . . . . Installed . | . . . . . . . . . Triggered . | . . . . . . . . . Machines | -11 -10 -10 -10 -9 -8 -7 -7 -7 ---------- Run | Yrd Mat Min Exi Min Mat Fac Low Zio Machines Disabled 6 | . 1 . . 1 . 4 . . Max in Single Turn 2 | . 1 . . 1 . 2 . . Garrison Access 3 | . . . . . 1 2 . . Machines Repaired . | . . . . . . . . . Machines Dismantled . | . . . . . . . . . Machines Sabotaged . | . . . . . . . . . Overloaded Fab Kills . | . . . . . . . . . Hacking | -11 -10 -10 -10 -9 -8 -7 -7 -7 --------- Run | Yrd Mat Min Exi Min Mat Fac Low Zio Machines Accessed 26 | . 7 . 1 . 9 8 . 1 Terminals 18 | . 6 . . . 8 4 . . Fabricators . | . . . . . . . . . Repair Stations 2 | . 1 . . . . 1 . . Recycling Units 1 | . . . . . . 1 . . Scanalyzers . | . . . . . . . . . Garrison Access 3 | . . . . . 1 2 . . Total Hacks 59 | . 17 . 1 . 18 18 . 5 Successful 36 | . 8 . 1 . 14 8 . 5 Failed 23 | . 9 . . . 4 10 . . Catastrophic 3 | . 1 . . . . 2 . . Database Lockouts . | . . . . . . . . . Manual 2 | . . . 1 . . 1 . . Terminals 41 | . 14 . . . 17 10 . . Fabricators . | . . . . . . . . . Repair Stations 5 | . 3 . . . . 2 . . Recycling Units 2 | . . . . . . 2 . . Scanalyzers . | . . . . . . . . . Garrison Access 5 | . . . . . 1 4 . . Terminal Hacks 29 | . 6 . 1 . 13 4 . 5 Part Schematic 5 | . . . . . . . . 5 Robot Analysis 1 | . . . . . 1 . . . Prototype ID Bank 9 | . 3 . . . 4 2 . . Branch Access Points 1 | . . . . . 1 . . . Alert Level 4 | . 1 . . . 2 1 . . Locate Traps 4 | . 2 . . . 1 1 . . Dispatch Records 2 | . . . . . 2 . . . Recall Investigation 1 | . . . . . 1 . . . Registered Components 1 | . . . . . 1 . . . Derelict Proto ID Bank 1 | . . . 1 . . . . . Fabricator Hacks . | . . . . . . . . . Repair Station Hacks 4 | . 2 . . . . 2 . . Scan Component 2 | . 1 . . . . 1 . . Repair 2 | . 1 . . . . 1 . . Recycling Unit Hacks . | . . . . . . . . . Scanalyzer . | . . . . . . . . . Garrison Access Hacks 3 | . . . . . 1 2 . . Seal Access 3 | . . . . . 1 2 . . Unauthorized Hacks . | . . . . . . . . . Terminals . | . . . . . . . . . Fabricators . | . . . . . . . . . Repair Stations . | . . . . . . . . . Recycling Units . | . . . . . . . . . Scanalyzers . | . . . . . . . . . Garrison Access . | . . . . . . . . . Data Cores Recovered . | . . . . . . . . . Used . | . . . . . . . . . Hacking Detections 15 | . 6 . . . 2 7 . . Full Trace Events 2 | . . . . . 1 1 . . Feedback Events . | . . . . . . . . . Feedback Blocked . | . . . . . . . . . Robot Schematics Acquired 1 | . . . . . . . . 1 Robots Built . | . . . . . . . . . Authchips . | . . . . . . . . . Time . | . . . . . . . . . Total Robot Build Rating . | . . . . . . . . . Part Schematics Acquired 17 | . . . . . . . . 17 Parts Built . | . . . . . . . . . Authchips . | . . . . . . . . . Time . | . . . . . . . . . Total Part Build Rating . | . . . . . . . . . Parts Repaired 2 | . 1 . . . . 1 . . Time 64 | . 26 . . . . 38 . . Parts Recycled . | . . . . . . . . . Recycled Matter . | . . . . . . . . . Retrieved Matter . | . . . . . . . . . Retrieved Components . | . . . . . . . . . Parts Scanalyzed . | . . . . . . . . . Part Schematics Acquired . | . . . . . . . . . Parts Damaged . | . . . . . . . . . Bothacking | -11 -10 -10 -10 -9 -8 -7 -7 -7 ------------ Run | Yrd Mat Min Exi Min Mat Fac Low Zio Used RIF Installer . | . . . . . . . . . Robots Hacked . | . . . . . . . . . Non-combat . | . . . . . . . . . Combat . | . . . . . . . . . Robot Hacks Applied . | . . . . . . . . . Relay Couplers Released . | . . . . . . . . . Fabnet Peak Effective % . | . . . . . . . . . Robots Rewired . | . . . . . . . . . Allies Hacked . | . . . . . . . . . Hacks Repelled . | . . . . . . . . . Allies | -11 -10 -10 -10 -9 -8 -7 -7 -7 -------- Run | Yrd Mat Min Exi Min Mat Fac Low Zio Total Allies 4 | . . 4 . . . . . . Largest Group 4 | . . 4 4 3 2 . . . Highest-Rated Group 71 | . . 71 71 40 24 . . . Highest-Rated Ally 31 | . . 31 31 16 16 . . . Total Orders . | . . . . . . . . . Ally Attacks 48 | . . . . 21 27 . . . Total Damage 562 | . . . . 276 286 . . . Kills 7 | . . . . 4 3 . . . Allies Corrupted . | . . . . . . . . . Allies Melted . | . . . . . . . . . Intel | -11 -10 -10 -10 -9 -8 -7 -7 -7 ------- Run | Yrd Mat Min Exi Min Mat Fac Low Zio Robot Analysis Total 1 | . . . . . 1 . . . Derelict Logs Recovered 6 | . . 1 . 1 . . 2 2 Drone Launches . | . . . . . . . . . Drone Recoveries . | . . . . . . . . . Exploration | -11 -10 -10 -10 -9 -8 -7 -7 -7 ------------- Run | Yrd Mat Min Exi Min Mat Fac Low Zio Turns Passed 10988 | 43 1092 588 226 427 1415 3435 1086 2676 Spaces Moved 6192 | 34 849 538 212 411 1164 1395 458 1131 Core 70 | 1 . . . . . . . 69 Treads 2920 | . . . . . 5 1395 458 1062 Legs . | . . . . . . . . . Wheels 3202 | 33 849 538 212 411 1159 . . . Hover . | . . . . . . . . . Flight . | . . . . . . . . . Fastest Speed 50 | 50 100 95 95 95 95 152 232 50 Average Speed 156 | 98 103 98 95 95 95 210 232 226 Slowest Speed 245 | 100 115 110 95 95 225 232 240 245 Overloaded Moves . | . . . . . . . . . Propulsion Burnouts . | . . . . . . . . . Robots Hopped . | . . . . . . . . . Cave-ins Triggered . | . . . . . . . . . Exploration Rate (%) 58 | 3 99 73 40 71 63 26 65 89 Regions Visited 8 Branch Regions 5 Pre-discovered Areas 1 | . . . . . . . . 1 Known Exits Taken 7 | . 1 1 1 1 1 1 1 . Unknown Exits Taken 1 | 1 . . . . . . . . Scrap Searched 9 | . . 1 . 2 . . 2 4 Spaces Dug . | . . . . . . . . . Terrain Destroyed 159 | . . 31 . 1 44 . . 83 Melee . | . . . . . . . . . Projectile 7 | . . . . 1 6 . . . AOE 152 | . . 31 . . 38 . . 83 Terrain Rammed . | . . . . . . . . . Walls Destroyed . | . . . . . . . . . Machines Disabled . | . . . . . . . . . Actions | -11 -10 -10 -10 -9 -8 -7 -7 -7 --------- Run | Yrd Mat Min Exi Min Mat Fac Low Zio Total 7092 | 40 940 574 236 430 1357 1845 476 1194 Wait 543 | . 22 17 24 10 98 349 13 10 Move 6184 | 33 848 537 211 410 1163 1394 457 1131 Hop . | . . . . . . . . . Pick Up 47 | 1 4 3 1 . 18 18 . 2 Fast Attach 20 | 6 3 1 . 1 5 4 . . Attach 33 | . 2 3 . . 7 11 1 9 Detach 3 | . . 1 . . 2 . . . Swap 5 | . . . . . . 4 . 1 Drop 20 | . 1 . . . 5 11 . 3 Fire 229 | . 60 12 . 9 59 54 5 30 Melee . | . . . . . . . . . Ram . | . . . . . . . . . Kick . | . . . . . . . . . Crush 8 | . . . . . . . . 8 Escape Stasis . | . . . . . . . . . Rewire . | . . . . . . . . . Trap . | . . . . . . . . . Miscellaneous . | . . . . . . . . . Route ------- -11/Scrapyard -10/Materials (discovered 6 exits: *Mat x3 / *Min x2 / *Sub) -10/Mines (discovered 3 exits: *Mat x2 / *Exi) -10/Exiles -9/Mines -8/Materials (discovered 2 exits: *Fac x2) -7/Factory (discovered 3 exits: *Fac / *Low x2) -7/Lower Caves (discovered 2 exits: Low / *Zio) -7/Zion (discovered 1 exit: *Pro) History --------- Turn | Location | Event 27 | -11/Scrapyard | Discovered new exit (range 13) 44 | -11/Scrapyard | Entered Materials 99 | -10/Materials | Discovered new exit (range 16) 151 | -10/Materials | Discovered new exit (range 10) 301 | -10/Materials | Build established: Mutant 394 | -10/Materials | Discovered new exit (range 15) 575 | -10/Materials | Discovered new exit (range 15) 725 | -10/Materials | Discovered new exit (range 15) 776 | -10/Materials | Identified exit to Materials 796 | -10/Materials | Repaired Com. Wheel? 892 | -10/Materials | Identified exit to Mines 1084 | -10/Materials | Discovered new exit (range 13) 1113 | -10/Materials | Identified exit to Subcaves 1136 | -10/Materials | Entered Mines 1176 | -10/Mines | Discovered exit to Materials (range 15) 1343 | -10/Mines | Core integrity fell below 50% 1361 | -10/Mines | Received a Rocket Launcher from a helpful Derelict 1393 | -10/Mines | Lost 5 parts (1p2n2w) 1471 | -10/Mines | Discovered exit to Materials (range 11) 1565 | -10/Mines | Received a Mining Laser from a helpful Derelict 1639 | -10/Mines | Assisted by bots powering up and referring to "LRC-V3" 1649 | -10/Mines | Learned Materials security intel 1708 | -10/Mines | Deemed a non-threat by the Exiles lab entrance 1709 | -10/Mines | Discovered new exit (range 5) 1712 | -10/Mines | Identified exit to Exiles 1724 | -10/Mines | Entered Exiles 1724 | -10/Exiles | Accompanied by 4 allies 1750 | -10/Exiles | Met 8R-AWN 1764 | -10/Exiles | Met EX-HEX 1790 | -10/Exiles | Met EX-BIN 1801 | -10/Exiles | Aligned with FarCom system 1802 | -10/Exiles | Given EX-Vault access code 1824 | -10/Exiles | Opened EX-Vault 1832 | -10/Exiles | Found Firepult 1854 | -10/Exiles | Warned to stay clear of 0b10 Research branches 1915 | -10/Exiles | Discovered new exit (range 14) 1925 | -10/Exiles | Identified exit to Mines 1950 | -10/Exiles | Left Exiles lab with Firepult 1950 | -10/Exiles | Entered Mines 1950 | -9/Mines | Accompanied by 3 allies 1963 | -9/Mines | Learned location of 1 exit from Lower Caves 1966 | -9/Mines | Found a hidden stash of uninstalled traps 2352 | -9/Mines | Discovered new exit (range 11) 2375 | -9/Mines | Identified exit to Materials 2377 | -9/Mines | Entered Materials 2377 | -8/Materials | Accompanied by 2 allies 2377 | -8/Materials | Evolved 4 slots: Utility x3, Weapon x1 2683 | -8/Materials | Discovered new exit (range 16) 3012 | -8/Materials | Build established: Scavenger-Mutant 3497 | -8/Materials | Build established: Scavenger-Skirmisher 3694 | -8/Materials | Discovered new exit (range 10) 3790 | -8/Materials | Identified exit to Factory 3792 | -8/Materials | Entered Factory 3792 | -7/Factory | Evolved 2 slots: Utility x2 3813 | -7/Factory | Lost 3 parts (1n1u1w) 4081 | -7/Factory | Build established: Hacker-Mutant 4186 | -7/Factory | Garrison activated, responded to threat 4203 | -7/Factory | Lost 4 parts (1p1u2w) 4584 | -7/Factory | Discovered new exit (range 16) 5729 | -7/Factory | Repaired Imp. Heat Sink 5940 | -7/Factory | Build established: Hacker-Skirmisher 6114 | -7/Factory | Discovered new exit (range 11) 6547 | -7/Factory | Identified exit to Lower Caves 6933 | -7/Factory | Discovered new exit (range 15) 6965 | -7/Factory | Identified exit to Factory 7122 | -7/Factory | Build established: Hacker-Tank 7227 | -7/Factory | Entered Lower Caves 7228 | -7/Lower Caves | Identified exit to Lower Caves 7276 | -7/Lower Caves | Ambushed by wild Derelicts 7824 | -7/Lower Caves | Learned 12 Factory zone layouts 7950 | -7/Lower Caves | Learned 8 Factory zone layouts 8109 | -7/Lower Caves | Encountered a Warlord checkpoint 8214 | -7/Lower Caves | A Derelict revealed a hidden shortcut to a safe place 8239 | -7/Lower Caves | Identified exit to Zion 8278 | -7/Lower Caves | Spotted B-75 Beast 8313 | -7/Lower Caves | Entered Zion 8445 | -7/Zion | Discovered new exit (range 9) 8464 | -7/Zion | Identified exit to Proximity Caves 8582 | -7/Zion | Build established: Tank 8673 | -7/Zion | Learned location of 1 exit from Lower Caves 8829 | -7/Zion | Learned Factory emergency access door positions 9070 | -7/Zion | Given A8's code to call for help 9351 | -7/Zion | Learned location of Warlord (-4) 10260 | -7/Zion | Rebuked by Imprinter 10306 | -7/Zion | Attempted to imprint without authorization 10306 | -7/Zion | Attacked by Zionites 10424 | -7/Zion | Core integrity fell below 50% 10489 | -7/Zion | Lost 3 parts (3u) 10955 | -7/Zion | Released all parts (5) 10958 | -7/Zion | Core integrity fell below 20% 10976 | -7/Zion | Spotted XF-RKX(B) 10977 | -7/Zion | Spotted MB-I2T(B) 10981 | -7/Zion | Lost 4 parts (3u1w) 10989 | -7/Zion | Destroyed by EY-FBF(g) with Beamcaster Last Messages --------------- Twisted Machinery. UP-LRP(z) bursts out of the Twisted Machinery. UP-LRP(z) pulls a Mak. Sword out of the Twisted Machinery. Hvy. Missile Launcher severed. Released Med. Treads. Released Signal Interpreter. Released Lrg. Storage Unit. Released Enh. Nuclear Core. Released Arm. Treads. System corrupted: Energy discharge (-37). KR-JQK(z) pulls a Mak. Spear out of the Twisted Machinery. CR-JM3(z) pulls a Mak. Axe out of the Twisted Machinery. Acquired 5 matter. System corrupted: Matter fused (-5). Acquired 4 matter. Acquired 46 matter. Penetrated by Slug. Map ----- +----------------------------------------------------+ | #????????????????????????????????????????????????? | | #????????????????????????????????????????????????? | | ##???????????????????????????????????????????????? | | "#???????????????????????????????????????????????? | | ##???????????????????????????????????????????????? | | #????????????????????????????????????????????????? | | #????????????????????????????????????????????????? | | #??????????????????????????????????????????####??? | | #????????????????????????????????????????### ##?? | | ##?#????????????????????????????????????## #?? | | "#"#????????????????????????????????????# > ##? | | ""##????????????????????????????????????# #? | | ""#?????????????????#######????????????## #? | | ""#?????????????????#[]///#?????????????# #? | | ""##?????????????????#[ [#?????????????# ##? | | "#"#?????????????????#[ ]#?????????????## ##?? | | "#???????????????????##" "##??????????????# ##??? | | ##????????????????????# #???????????????# ##### | | #???????????????????### ##??##?####?????# ## | | ###?????????????????# ### ###""##????# # | | ""#?????????????????# #""""#????#"" | | "##?????????????????## ##""""####?#"&& | | ""#??????????????????## ### """# ###"" | | "##???????????????????# #### X ## | | ""#???????????????????# # # ### | | "##???????????????????# @ z ### | | ""#???????????????????# # g z | | "##?#####?????????????# #### ## l | | ""#?# %"############??# ##?## ### ### | | ""#?# """"""""""""#### ########?# #?### | | ""### " ""# ##???# #???# | | ""# = ## #???# ##???# | | ! = % #### ###### | | = % # ##### | | ""# ####### ### | | ""### " """"" "#??????# ## ## #?## ##### ## | | #"#?# """""""""""#??????# # # #??# #???# #? | | ""#?# "############??????# """ #??# #??## #? | | ###?#####?????????????????# """ #??# #?## #? | | ""##??????????????????????# """ #??# ### #? | | """#??????????????????????# # # #?## ## #? | | ""#??????????????????????# ## ## ### ##? | | "##??????????????????????# ## ##?? | | """"??????????????????????###### #### ##?? | | """#???????????????????????????# #?? | | ####???????????????????????????# #?? | | ####???????????????????????????# ### #?? | | """#???????????????????????????# ## ########?? | | """#???????????????????????????# #######????????? | | ""#??????????????????????????## ##?????????????? | +----------------------------------------------------+ Best States ------------- Heat Dissipation 48 Energy Generation 17 Energy Capacity 300 Matter Stores 300 Matter Capacity 300 Sight Range 16 Terrain Scan Density 10 Armor Coverage 450 Resistance: EX 25 Evasion (%) 50 Targeting Accuracy 8 Launcher Accuracy 20 Recoil Reduction 2 Offensive Hacking 20 Defensive Hacking 10 Item Schematics ----------------- Beamcaster | -7/Zion | Free Riot Gun | -7/Zion | Free Hvy. Riot Gun | -7/Zion | Free Battle Cannon | -7/Zion | Free Slug Cannon | -7/Zion | Free Variable Charge Gun | -7/Zion | Archive Adv. Terrain Scan Processor | -7/Zion | Archive Imp. Hardlight Generator | -7/Zion | Archive Flak Gun | -7/Zion | Archive Plasma Rifle | -7/Zion | Archive Proton Cannon | -7/Zion | Archive Gatling Laser | -7/Zion | Archive Adv. Melee Analysis Suite | -7/Zion | Archive Imp. Remote Datajack | -7/Zion | Archive Shock Absorption System | -7/Zion | Archive Imp. Deuterium Engine | -7/Zion | Archive Imp. System Shield | -7/Zion | Archive Robot Schematics ------------------ A-02 Transporter | -7/Zion | Archive Fabricated ------------ Nothing Alien Tech Used ----------------- None Achievements -------------- Monster Challenges ------------ None Game ------ Seed LightpackFocalThermoblaster Manual? 0 Play Time 01:07:57 Cumulative 31.4 hours Start 2024.05.01 @ 20:40:33 End 2024.05.01 @ 22:21:08 Sessions 1 Manual Loads 0 Difficulty Rogue Special Mode None Game No. 51 Rogue 49 Adventurer 2 Explorer 0 Win Type - Total 0 Types 0/0/0/0/0/0/0/0/0 Lore% 29 Gallery% 24 Achievement% 22 Wizard Run 0 Options --------- Layout 1 ASCII 0 Keyboard 0 Movement Mouse Keybinds 0 Fullscreen 1 Font 24/Smallcaps Map View 50x40 Zoom Use 0% Tactical HUD 0 Map Filters NONE Filters NONE Steam 1 RUN: 57487197-2135-4b1d-b7e5-39cd18ec8eb6